 Dungeon Crawl Stone Soup version 0.22-a0-48-g8770677 (webtiles) character file.

606 KristoblXynda the Slasher (level 7, -2/60 HPs)
             Began as a Naga Gladiator on Jan 7, 2018.
             Slain by Menkaure (13 damage)
             ... on level 5 of the Dungeon.
             The game lasted 00:09:01 (4220 turns).

KristoblXynda the Slasher (Naga Gladiator)          Turns: 4220, Time: 00:09:02

Health: -2/60      AC: 11    Str: 18    XL:     7   Next: 42%
Magic:  7/7        EV:  9    Int: 13    God:
Gold:   325        SH:  4    Dex: 12    Spells: 6/6 levels left

rFire    . . .     SeeInvis +   a - +0 long sword
rCold    . . .     Gourm    .   b - +0 buckler
rNeg     . . .     Faith    .   g - +0 ring mail (curse)
rPois    +         Spirit   .   c - +0 helmet
rElec    .         Reflect  .   e - +0 cloak
rCorr    .         Harm     .   l - +0 pair of gloves
MR       .....                  (no barding)
Stlth    ++........             (no amulet)
HPRegen  0.20/turn              i - +3 ring of protection
MPRegen  0.10/turn              j - +2 ring of intelligence

@: very slow
A: large, see invisible, deformed body, poison resistance, slowness 2, slow
metabolism 1, spit poison 2, strong 1, AC +2
a: Breathe Poison Gas


You were on level 5 of the Dungeon.
You were not hungry.

You visited 1 branch of the dungeon, and saw 5 of its levels.

You collected 325 gold pieces.

Inventory:

Hand Weapons
 a - a +0 long sword (weapon)
 s - a +2 vampiric falchion
Missiles
 d - 3 throwing nets (quivered)
Armour
 b - a +0 buckler (worn)
 c - a +0 helmet (worn)
 e - a +0 cloak (worn)
 g - a cursed +0 ring mail (worn)
 l - a +0 pair of gloves (worn)
Jewellery
 i - a +3 ring of protection (left hand)
 j - a +2 ring of intelligence (right hand)
Wands
 m - a wand of polymorph (12)
Scrolls
 h - 3 scrolls of identify
 k - 2 scrolls of teleportation
 q - a scroll of fear {unknown}
Potions
 o - a potion of mutation
 p - a potion of flight
Comestibles
 f - 8 rations


   Skills:
 - Level 2.0 Fighting
 + Level 4.8 Long Blades
 - Level 3.4 Throwing
 + Level 2.3 Armour
 - Level 3.2 Dodging
 + Level 4.6 Stealth
 + Level 2.0 Shields


You had 6 spell levels left.
You didn't know any spells.

Dungeon Overview and Level Annotations

Branches:
Dungeon (5/15)
 Temple: D:4-7

Altars:
Ru
Sif Muna

Annotations:
D:5 Menkaure


Innate Abilities, Weirdness & Mutations

You cannot wear boots.
Your serpentine skin is tough. (AC +2)
You have supernaturally acute eyesight. (SInv)
Armour fits poorly on your strangely shaped body.
Your system is resistant to poisons. (rPois)
You cover ground very slowly.
You have a slow metabolism.
You can exhale a cloud of poison.
Your muscles are strong. (Str +2)


Message History

You hit Menkaure but do no damage.
Menkaure is heavily damaged.
Menkaure points at you and mumbles some strange words.
You resist with significant effort.
You hit Menkaure.
Menkaure is heavily damaged.
Menkaure hits you! Menkaure hits you.
* * * LOW HITPOINT WARNING * * *
You slash Menkaure!
Menkaure is almost destroyed.
Menkaure calls on the powers of darkness!
Your body is wracked with pain!
* * * LOW HITPOINT WARNING * * *
Unknown command.
You feel better. Menkaure hits you!
* * * LOW HITPOINT WARNING * * *
You feel much better. Menkaure hits you!
* * * LOW HITPOINT WARNING * * *
Menkaure hits you!
You die...

#. #.. #.# #.# # #.#
.#############.#
........>......#######.#
.########.......@......#
.######........M########
###.....#.###.......M.
........#.# #.#[######
........#.# #.#.#
........... .....
..........###.#.##
..........# ...<.
..........# #....


You could see Menkaure.

Vanquished Creatures
  An ogre (D:4)
  A scorpion (D:4)
  2 orc wizards (D:3)
  3 orc priests
  Jessica (D:2)
  A centaur skeleton (D:4)
  A worker ant (D:2)
  Natasha (thrice) (D:3)
  Robin (D:3)
  7 adders
  2 worms
  A dart slug (D:2)
  3 leopard geckos
  13 orcs
  9 bats
  3 giant cockroaches
  11 goblins
  10 hobgoblins
  4 jackals (D:3)
  8 kobolds
  4 quokkas
  3 frilled lizards
  A leopard gecko skeleton (D:4)
  9 rats
102 creatures vanquished.

Notes
Turn   | Place    | Note
-------+----------+-------------------------------------------
     0 | D:1      | KristoblXynda the Naga Gladiator began the quest for the Orb.
     0 | D:1      | Reached XP level 1. HP: 19/19 MP: 1/1
   308 | D:1      | Reached XP level 2. HP: 26/26 MP: 2/2
   727 | D:2      | Noticed Jessica
   738 | D:2      | Killed Jessica
   738 | D:2      | Reached XP level 3. HP: 32/32 MP: 3/3
   789 | D:2      | Found a sacrificial altar of Ru.
  1067 | D:2      | Reached XP level 4. HP: 26/39 MP: 4/4
  1399 | D:2      | HP: 1/39 [poisoned by an adder]
  1880 | D:2      | Reached XP level 5. HP: 40/45 MP: 5/5
  2179 | D:3      | Reached skill level 1 in Stealth
  2531 | D:3      | Noticed Natasha
  2538 | D:3      | Killed Natasha
  2538 | D:3      | Reached skill level 1 in Armour
  2675 | D:3      | Noticed Robin
  2680 | D:3      | Reached XP level 6. HP: 35/52 MP: 6/6
  2687 | D:3      | Killed Robin
  2719 | D:3      | Reached skill level 1 in Shields
  2920 | D:3      | Noticed Natasha
  2932 | D:3      | Killed Natasha
  2969 | D:3      | Noticed Natasha
  3216 | D:3      | Killed Natasha
  3220 | D:3      | Gained mutation: You tend to lose your temper in combat. [potion of mutation]
  3220 | D:3      | Gained mutation: You are agile. (Dex +2) [potion of mutation]
  3220 | D:3      | Gained mutation: Your body sometimes deteriorates upon taking damage. [potion of mutation]
  3220 | D:3      | Gained mutation: Your muscles are strong. (Str +2) [potion of mutation]
  3593 | D:4      | Reached XP level 7. HP: 60/60 MP: 7/7
  3604 | D:4      | Found a deep blue altar of Sif Muna.
  4178 | D:5      | Entered Level 5 of the Dungeon
  4187 | D:5      | Lost mutation: You are agile. (Dex +2) [potion of mutation]
  4187 | D:5      | Lost mutation: You tend to lose your temper in combat. [potion of mutation]
  4187 | D:5      | Lost mutation: Your body sometimes deteriorates upon taking damage. [potion of mutation]
  4187 | D:5      | Lost mutation: Your muscles are strong. (Str +2) [potion of mutation]
  4187 | D:5      | Gained mutation: You are agile. (Dex +2) [potion of mutation]
  4187 | D:5      | Lost mutation: You are agile. (Dex +2) [potion of mutation]
  4187 | D:5      | Gained mutation: You can exhale a cloud of poison. [potion of mutation]
  4187 | D:5      | Gained mutation: Your muscles are strong. (Str +2) [potion of mutation]
  4206 | D:5      | Noticed Menkaure
  4220 | D:5      | Slain by Menkaure

Vault maps used:
D:1:      onia_arrival_mini_spirals
D:2:      lemuel_round_altar, patterned_corridor, uniq_jessica
D:3:      first_ration, uniq_robin, uniq_natasha
D:4:      lemuel_crystal_altar
D:5:      kennysheep_mini_moat, lemuel_doored_altar, tgw_xom, uniq_menkaure

Skill      XL: |  1  2  3  4  5  6  7 |
---------------+----------------------+-----
Throwing       | 2 3 |  3.4
Dodging        | 3 |  3.2
Stealth        | 2 3 4 |  4.6
Long Blades    | 4 |  4.8
Armour         | 1 2 |  2.3
Shields        | 1 2 |  2.0
Fighting       | |  2.0

Action                   |  1- 3 |  4- 6 |  7- 9 || total
-------------------------+-------+-------+-------++-------
Melee: Long sword        |    72 |   196 |    44 ||   312
 Abil: Spit Poison       |     7 |    19 |     1 ||    27
  Use: Potion            |       |     3 |     3 ||     6
       Scroll            |       |     2 |     2 ||     4
 Stab: Sleeping          |       |       |     3 ||     3
  Eat: Chunk             |       |     3 |       ||     3
       Ration            |       |     2 |       ||     2
Armor: Leather armour    |    36 |    65 |       ||   101
       Ring mail         |       |    61 |    12 ||    73
Dodge: Dodged            |    45 |   146 |    12 ||   203
Block: Buckler           |       |    12 |     5 ||    17
       Rpst.: Long sword |    18 |    54 |     3 ||    75

Table legend:
 A = Spawn XP
 B = Non-spawn XP
 C = Spawn XP percentage of total XP
 D = Spawn monster count
 E = Non-spawn monster count
 F = Spawn count percentage of total count
 G = Total turns spent on level
                    A         B        C        D         E        F      G
               +---------+---------+-------+---------+---------+-------+---------
         Total |       0 |     866 |   0.0 |       0 |     102 |   0.0 |  4220
               +---------+---------+-------+---------+---------+-------+---------
           D:1 |       0 |      22 |   0.0 |       0 |      15 |   0.0 |   658
           D:2 |       0 |     145 |   0.0 |       0 |      23 |   0.0 |  1426
           D:3 |       0 |     372 |   0.0 |       0 |      48 |   0.0 |  1306
           D:4 |       0 |     327 |   0.0 |       0 |      16 |   0.0 |   788
               +---------+---------+-------+---------+---------+-------+---------
